 Dungeon Crawl Stone Soup version 0.31-a0-832-g3a2c1c66ba (webtiles) character file.

Game seed: 16135456299484736676

1870 Ivernyr the Ruffian (level 9, -9/46 HPs)
             Began as a Vine Stalker Shapeshifter on Sept 25, 2023.
             Was an Initiate of Wu Jian.
             Mangled by Duvessa
             ... wielding a +0 rapier
              (13 damage)
             ... on level 6 of the Dungeon.
             The game lasted 00:08:45 (4411 turns).

Ivernyr the Ruffian (Vine Stalker Shapeshifter)     Turns: 4411, Time: 00:08:45

Health: -9/46      AC: 12    Str: 22    XL:     9   Next: 13%
Magic:  0/10       EV:  9    Int: 10    God:    Wu Jian [......]
Gold:   238        SH:  0    Dex: 13    Spells: 8/8 levels left

rFire   . .          .
                       - Unarmed
rCold   + . .        (no shield)
rNeg    . . .        n - +0 chain mail {rC+}
rPois   .            (helmet currently unavailable)
rElec   .            (cloak currently unavailable)
rCorr   .            (gloves currently unavailable)
SInv    .            (boots currently unavailable)
Will    +....        (no amulet) Stlth
                     o - +4 ring of protection
HPRegen 1.07/turn    (no ring)
MPRegen 0.12/turn

%: guardian spirit
@: lit by a corona, about to teleport, beast-form, glowing
A: beast (slay +3), fangs 3, regeneration 1, magic shield, antimagic bite, no
potion heal 2
a: Begin Untransformation, Renounce Religion


You were on level 6 of the Dungeon.
You worshipped Wu Jian.
Wu Jian was noncommittal.
You were a hulking beast.
You visited 2 branches of the dungeon, and saw 7 of its levels.

You collected 238 gold pieces.

Inventory:

Missiles
 u - a throwing net
Armour
 g - a +0 pair of boots
 n - a +0 chain mail of cold resistance (worn)
 x - a +0 cloak
 y - a +0 helmet
Jewellery
 o - a +4 ring of protection (left hand)
Talismans
 c - a beast talisman (active)
 d - a flux talisman
Wands
 k - a wand of mindburst (14)
Scrolls
 b - a scroll of blinking {unknown}
 e - 3 scrolls of enchant armour {unknown}
 f - a scroll of vulnerability {unknown}
 h - 4 scrolls of teleportation
 i - 2 scrolls of fear {unknown}
 l - 2 scrolls of immolation {unknown}
 p - 3 scrolls of noise {unknown}
 s - 3 scrolls of poison {unknown}
 v - a scroll of identify {unknown}
 w - 3 scrolls of amnesia {unknown}
Potions
 a - 2 potions of heal wounds
 j - 2 potions of attraction {unknown}
 m - a potion of haste {unknown}
 q - 3 potions of curing {unknown}
 r - a potion of magic {unknown}
 t - a potion of cancellation {unknown}
 z - a potion of mutation {unknown}
 A - a potion of brilliance {unknown}
 B - a potion of might {unknown}
 C - a potion of invisibility {unknown}


   Skills:
 + Level 4.7 Fighting
 + Level 4.5 Dodging
 * Level 7.9 Unarmed Combat
 + Level 5.5 Shapeshifting


You had 8 spell levels left.
You didn't know any spells.
Your spell library contained the following spells:

 Spells                   Type           Power      Damage    Failure   Level
 Apportation              Tloc           0%         N/A       96%         1
 Necrotise                Necr           0%         1d4       96%         1
 Sting                    Tmut/Pois      0%         1d3       96%         1
 Summon Small Mammal      Summ           0%         N/A       96%         1
 Lesser Beckoning         Tloc           0%         N/A       99%         2
 Poisonous Vapours        Pois/Air       0%         N/A       99%         2
 Gell's Gravitas          Tloc           0%         N/A       100%        3
 Teleport Other           Tloc           0%         N/A       100%        3
 Olgreb's Toxic Radiance  Pois           0%         N/A       100%        4
 Vhi's Electric Charge    Tloc/Air       0%         N/A       100%        4
 Arcjolt                  Conj/Air       0%         1d10      100%        5
 Maxwell's Capacitive Co  Air            0%         ∞         100%        8


Dungeon Overview and Level Annotations

Branches:
Dungeon (6/15)             Temple (1/1) D:6

Altars:
Ashenzari
Cheibriados
Elyvilon
Fedhas
Gozag
Hepliaklqana
Nemelex Xobeh
Okawaru
Qazlal
Ru
Uskayaw
Vehumet
Wu Jian
Xom
Yredelemnul
The Shining One

Portals:
Abyss: D:4

Annotations:
D:4 2 transporters, Vontreibholz's ghost, amateur MiFi
D:6 Duvessa


Innate Abilities, Weirdness & Mutations

You are a hulking beast.
Your limbs bulge with bestial killing power. (Slay +3)
You have razor-sharp teeth.
Your natural rate of healing is unusually fast.
When hurt, damage is shared between your health and your magic reserves.
Your bite disrupts and absorbs the magic of your enemies.
Potions cannot restore your health.


Message History

You punch Dowan!
You kill Dowan!
The Council accepts your kill.
Duvessa weeps, and shakes her weapon.
Duvessa goes berserk!
You hit Duvessa but do no damage. Your bite misses Duvessa.
Duvessa hits you with a +0 rapier! Duvessa hits you with a +0 rapier.
You barely miss Duvessa. Duvessa hits you with a +0 rapier.
You punch Duvessa!
Duvessa is lightly wounded.
Duvessa barely misses you.
You hit Duvessa. You bite Duvessa! You drain her power.
You feel invigorated.
Duvessa is moderately wounded.
Duvessa hits you with a +0 rapier!
You punch Duvessa! Your punch misses Duvessa. Your bite misses Duvessa.
Duvessa is heavily wounded.
Duvessa hits you with a +0 rapier. Duvessa barely misses you.
You completely miss Duvessa.
Duvessa is heavily wounded.
Duvessa hits you with a +0 rapier.
You hit Duvessa. Your bite misses Duvessa.
Duvessa is heavily wounded.
Duvessa hits you with a +0 rapier!
* * * LOW HITPOINT WARNING * * *
You barely miss Duvessa.
Duvessa is heavily wounded.
Duvessa hits you with a +0 rapier.
* * * LOW HITPOINT WARNING * * *
Duvessa hits you with a +0 rapier.
* * * LOW HITPOINT WARNING * * *
It was a potion of heal wounds.
That seemed strangely inert.
Duvessa hits you but does no damage.
As you read the scroll of teleportation, it crumbles to dust.
You feel strangely unstable. Duvessa hits you with a +0 rapier.
* * * LOW HITPOINT WARNING * * *
Duvessa hits you with a +0 rapier.
* * * LOW HITPOINT WARNING * * *
Duvessa rages.
Duvessa hits you with a +0 rapier!
You die...

#.......##.##.........#P#_._._##
#########.....#######>####P#P#.#
#####.# #.# #.###### #.# #.# #.#
#.# #.# #.# #.# #.# #.#
#.#######.# #.# #....(....###.#
##.h..........#
########e############ ......)(.#
##########


You could see Duvessa (berserk).

Vanquished Creatures
  Sigmund (D:3)
  Eustachio (D:4)
  A water moccasin (D:6)
  An orc warrior (D:6)
  2 ice beasts
  A phantom (D:5)
  A bullfrog (D:4)
  A scorpion (D:6)
  3 wights (D:3)
  Dowan (D:6)
  2 howler monkeys
  A jelly (D:6)
  A gnoll bouda (D:4)
  3 orc priests
  A sleepcap (D:6)
  4 iguanas
  Natasha (D:4)
  4 orc wizards
  Robin (D:4)
  7 gnolls
  11 adders
  A shadow imp (D:4)
  A white imp (D:5)
  A worm (D:3)
  4 dart slugs
  12 orcs
  4 bats
  5 endoplasms
  2 giant cockroaches
  10 goblins
  11 hobgoblins
  4 jackals (D:1)
  8 kobolds
  5 quokkas
  13 ball pythons
  7 frilled lizards
  4 rats
141 creatures vanquished.

Notes
Turn   | Place    | Note
-------+----------+-------------------------------------------
     0 | D:1      | Ivernyr the Vine Stalker Shapeshifter began the quest for
                  | the Orb.
     0 | D:1      | Reached XP level 1. HP: 9/9 MP: 2/2
    26 | D:1      | Reached skill level 1 in Fighting
    34 | D:1      | Reached XP level 2. HP: 14/14 MP: 1/3
   267 | D:1      | Reached XP level 3. HP: 18/18 MP: 4/4
   715 | D:2      | Reached XP level 4. HP: 23/23 MP: 5/5
   919 | D:2      | Reached skill level 4 in Unarmed Combat
  1324 | D:3      | Reached XP level 5. HP: 26/26 MP: 6/6
  1451 | D:3      | Reached XP level 6. HP: 28/32 MP: 5/7
  1463 | D:3      | Found a stormy altar of Qazlal.
  1742 | D:3      | Noticed Sigmund
  1752 | D:3      | Killed Sigmund
  1753 | D:3      | Reached skill level 5 in Unarmed Combat
  1753 | D:3      | Reached XP level 7. HP: 34/35 MP: 6/8
  2414 | D:4      | Identified the +1 helmet "Isheha" {SInv}
  2414 | D:4      | Noticed Robin
  2459 | D:4      | Killed Robin
  2566 | D:4      | Found a shimmering altar of Xom.
  2629 | D:4      | Noticed Natasha
  2635 | D:4      | Killed Natasha
  2636 | D:4      | Reached skill level 6 in Unarmed Combat
  2689 | D:4      | Found a transporter.
  2699 | D:4      | Noticed a small abomination
  2708 | D:4      | Noticed an ancient zyme
  2712 | D:4      | Found a one-way gate to the infinite horrors of the Abyss.
  2723 | D:4      | Noticed Vontreibholz's ghost (amateur MiFi)
  2730 | D:4      | Found a transporter.
  3174 | D:4      | Noticed Eustachio
  3186 | D:4      | Killed Eustachio
  3187 | D:4      | Gained mutation: You have razor-sharp teeth. [Vine Stalker
                  | growth]
  3187 | D:4      | Reached XP level 8. HP: 32/40 MP: 9/9
  3335 | D:5      | Entered Level 5 of the Dungeon
  3933 | D:6      | Reached skill level 5 in Shapeshifting
  3939 | D:6      | Reached skill level 7 in Unarmed Combat
  4088 | D:6      | Found a blossoming altar of Fedhas.
  4088 | D:6      | Found an opulent altar of Gozag.
  4088 | D:6      | Found an iron altar of Okawaru.
  4120 | D:6      | Reached XP level 9. HP: 39/46 MP: 10/10
  4314 | D:6      | Found a staircase to the Ecumenical Temple.
  4320 | Temple   | Entered the Ecumenical Temple
  4327 | Temple   | Became a worshipper of the Wu Jian Council
  4396 | D:6      | Noticed Duvessa
  4396 | D:6      | Noticed Dowan
  4399 | D:6      | Killed Dowan
  4409 | D:6      | HP: 2/46 [Duvessa/+0 rapier (4)]
  4411 | D:6      | Mangled by Duvessa

Illustrated notes

Levels and vault maps discovered:
D:1:      dpeg_arrival_connections, layout_basic
D:2:      layout_loops_cross, lexackson_kobold_supper
D:3:      layout_loops_corners, mainiacjoe_overflow_cross_hatched,
          kennysheep_orc_chapel, uniq_sigmund
D:4:      layout_basic, lemuel_round_altar, gammafunk_ghost_abyssal_escape,
          minmay_small_thing, uniq_robin, uniq_eustachio, uniq_natasha
D:5:      layout_loops_ring
D:6:      layout_loops_ring, gammafunk_temple_overflow_forgotten, temple_green,
          uniq_duvessa
Temple:   minmay_freezing_vapour_temple

Skill      XL: |  1  2  3  4  5  6  7  8 |
---------------+-------------------------+-----
Fighting       | 1 2 3 4 |  4.7
Dodging        | 2 3 4 |  4.5
Unarmed Combat | 4 5 6 7 |  7.9
Shapeshifting  | 4 5 |  5.5

Action                     |  1- 3 |  4- 6 |  7- 9 || total
---------------------------+-------+-------+-------++-------
  Melee: Unarmed           |    71 |   115 |   211 ||   397
         Bite              |    12 |    31 |    58 ||   101
         Punch             |     3 |     4 |     7 ||    14
    Use: Potion            |       |       |     2 ||     2
         Scroll            |       |       |     1 ||     1
   Stab: Sleeping          |     1 |       |       ||     1
 Armour: Animal skin       |    33 |       |       ||    33
         Chain mail        |     4 |    71 |   145 ||   220
         Skin              |       |       |     4 ||     4
  Dodge: Dodged            |    37 |    39 |    77 ||   153

Table legend: (Time is in decaauts)
 A = Elapsed time spent in this place.
 B = Non-inter-level travel time spent in this place.
 C = Inter-level travel time spent in this place.
 D = Time resting spent in this place.
 E = Time spent auto-exploring this place.
 F = Levels seen in this place.
 G = Mean time per level.
                   A        B        C        D        E       F      G
               +--------+--------+--------+--------+--------+-----+--------+
         Total |   4370 |   4136 |    234 |     38 |   3110 |   7 |  624.3 |
       Dungeon |   4357 |   4123 |    234 |     38 |   3110 |   6 |  726.2 |
        Temple |     12 |     12 |      0 |      0 |      0 |   1 |   12.0 |
               +--------+--------+--------+--------+--------+-----+--------+

Top non-repeatable levels by time:
     D:4: 1026 daAuts
     D:3: 976 daAuts
     D:2: 791 daAuts
     D:5: 583 daAuts
     D:1: 514 daAuts
     D:6: 466 daAuts
  Temple: 12 daAuts
